 Dungeon Crawl Stone Soup version 0.23.2 (webtiles) character file.

Game seed: 8472928501281127375

176 Borgoz the Cutter (level 5, -1/32 HPs)
             Began as a Gargoyle Gladiator on Apr 8, 2019.
             Slain by Sigmund
             ... wielding a +0 scythe
              (4 damage)
             ... on level 3 of the Dungeon.
             The game lasted 00:02:55 (2452 turns).

Borgoz the Cutter (Gargoyle Gladiator)              Turns: 2452, Time: 00:02:55

Health: -1/32      AC:  8    Str: 16 (18) XL:     5   Next: 56%
Magic:  5/5        EV: 12    Int:  6 (8)  God:
Gold:   45         SH:  0    Dex: 11 (12) Spells: 4/4 levels left

rFire    + + .     SeeInvis .   a - +0 rapier
rCold    + + .     Gourm    .   (no shield)
rNeg     + . .     Faith    .   b - +0 leather armour
rPois    ∞         Spirit   .   c - +0 helmet
rElec    +         Reflect  .   g - scarf {rC+ rF+}
rCorr    +         Harm     .   (no gloves)
MR       .....                  (no boots)
Stlth    +.........             (no amulet)
HPRegen  0.10/turn              (no ring)
MPRegen  0.09/turn              (no ring)

@: confused, resistant, berserk cooldown, slowed, very slow
A: negative energy resistance 1, electricity resistance, unbreathing,
petrification resistance, rot immunity, AC +4
a: no special abilities


You were on level 3 of the Dungeon.
You were not hungry.

You visited 1 branch of the dungeon, and saw 3 of its levels.

You collected 45 gold pieces.

Inventory:

Hand Weapons
 a - a +0 rapier (weapon)
Missiles
 j - 3 tomahawks (quivered)
Armour
 b - a +0 leather armour (worn)
 c - a +0 helmet (worn)
 g - a scarf of resistance (worn)
Scrolls
 e - a scroll of remove curse {unknown}
 i - a scroll of amnesia {unknown}
 l - a scroll of fear {unknown}
 m - a scroll of enchant armour {unknown}
Potions
 n - 2 potions of brilliance
 r - a potion of haste
Comestibles
 f - 9 rations
 q - 8 chunks of flesh


   Skills:
 + Level 3.0 Fighting
 * Level 3.6 Short Blades
 - Level 1.7 Throwing
 + Level 1.8 Armour
 * Level 3.3 Dodging
 + Level 2.2 Stealth


You had 4 spell levels left.
You didn't know any spells.
Your spell library was empty.

Dungeon Overview and Level Annotations

Branches:
Dungeon (3/15)

Altars:
Fedhas
Kikubaaqudgha

Annotations:
D:3 Sigmund


Innate Abilities, Weirdness & Mutations

You are resistant to torment.
Your stone body is resilient. (AC +4)
You are immune to poison.
You resist negative energy. (rN+)
You are resistant to electric shocks. (rElec)
You can survive without breathing.
You are immune to petrification.
You are immune to rotting.


Message History

Sigmund is heavily wounded.
Sigmund misses you.
You're too confused!
Okay, then.
You hit Sigmund.
Sigmund is heavily wounded.
Sigmund hits you with a +0 scythe.
Your leather armour prevents you from hitting Sigmund.
Sigmund is heavily wounded.
You feel less confused. Sigmund barely misses you.
You puncture Sigmund!
Sigmund is severely wounded.
Sigmund points at you and mumbles some strange words.
You are confused.
Sigmund hits you with a +0 scythe!
* * * LOW HITPOINT WARNING * * *
Sigmund misses you. Sigmund hits you with a +0 scythe.
You die...

.. ##### ### .. #...# ..
.. #. #... #.##
..####.###... ...
#..≈≈≈...##..####.###
#...≈≈≈≈.# ..##.....##
#...≈_≈≈.###.#.@.....#
.#..≈.≈≈≈.....#..@...(#.
....≈≈.≈.###....._.....
##..###.###.#.......#.
#..........#.$...(.#
#...#####..##.....## #
#...# ##.####.### #
#...# #... ... #
#...########## #.##


You could see Sigmund.

Vanquished Creatures
  Crazy Yiuf (D:2)
  Terence (D:2)
  4 gnolls (D:2)
  2 adders (D:2)
  An ooze (D:1)
  A worm (D:2)
  A dart slug (D:1)
  4 leopard geckos
  3 orcs (D:3)
  4 bats (D:1)
  2 giant cockroaches (D:1)
  A goblin (D:1)
  3 hobgoblins
  10 jackals
  7 kobolds
  3 frilled lizards (D:1)
  5 rats
  A fungus (D:2)
54 creatures vanquished.

Notes
Turn   | Place    | Note
-------+----------+-------------------------------------------
     0 | D:1      | Borgoz the Gargoyle Gladiator began the quest for the Orb.
     0 | D:1      | Reached XP level 1. HP: 12/12 MP: 1/1
    50 | D:1      | Reached XP level 2. HP: 17/17 MP: 2/2
   237 | D:1      | Reached skill level 1 in Stealth
   557 | D:1      | Reached XP level 3. HP: 22/22 MP: 3/3
   954 | D:2      | Reached skill level 1 in Armour
   969 | D:2      | Reached XP level 4. HP: 5/27 MP: 4/4
  1590 | D:2      | Noticed Terence
  1599 | D:2      | Killed Terence
  1599 | D:2      | Reached XP level 5. HP: 30/31 MP: 5/5
  2286 | D:2      | Found a runed translucent door.
  2291 | D:2      | Noticed Crazy Yiuf
  2306 | D:2      | Killed Crazy Yiuf
  2408 | D:3      | Found a blossoming altar of Fedhas.
  2424 | D:3      | Found an ancient bone altar of Kikubaaqudgha.
  2425 | D:3      | Noticed Sigmund
  2452 | D:3      | Slain by Sigmund

Skill      XL: |  1  2  3  4  5 |
---------------+----------------+-----
Stealth        | 1 2 |  2.2
Short Blades   | 3 |  3.6
Armour         | 1 |  1.8
Dodging        | 3 |  3.3
Fighting       | 3 |  3.0
Throwing       | |  1.7

Action                   |  1- 3 |  4- 6 || total
-------------------------+-------+-------++-------
Melee: Rapier            |   103 |   116 ||   219
Throw: Throwing net      |     1 |     5 ||     6
  Use: Potion            |       |     4 ||     4
       Scroll            |       |     2 ||     2
 Stab: Held in net/web   |     1 |     2 ||     3
  Eat: Chunk             |       |     5 ||     5
Armor: Leather armour    |    40 |    38 ||    78
Dodge: Dodged            |    84 |    84 ||   168
